 Dungeon Crawl Stone Soup version 0.22-a0-369-gc73351f (webtiles) character file.

494 Amnesiac the Ducker (level 6, -4/48 HPs)
             Began as a Mummy Wizard on Apr 24, 2018.
             Was a Believer of Ru.
             Killed by divine providence
             ... invoked by an orc priest
              (14 damage)
             ... on level 3 of the Dungeon.
             The game lasted 00:05:27 (2508 turns).

Amnesiac the Ducker (Mummy Wizard)                  Turns: 2508, Time: 00:05:28

Health: -4/48      AC:  6    Str: 10    XL:     6   Next: 92%
Magic:  8/12       EV: 14    Int: 19    God:    Ru [**....]
Gold:   121        SH:  0    Dex: 11    Spells: 3/13 levels left

rFire    x . .     SeeInvis .   g - +1 trident (flame)
rCold    + . .     Gourm    .   (no shield)
rNeg     + + +     Faith    .   a - +0 robe
rPois    ∞         Spirit   .   (no helmet)
rElec    .         Reflect  .   b - +1 cloak {rPois}
rCorr    .         Harm     .   e - +1 pair of gloves
MR       .....                  (no boots)
Stlth    ++........             (no amulet)
HPRegen  0.16/turn              (no ring)
MPRegen  0.13/turn              (no ring)

@: slowed, very slow
A: no food or potions, fire vulnerability, cold resistance 1, negative energy
resistance 3, torment resistance, unbreathing, inability to use devices
a: Renounce Religion


You were on level 3 of the Dungeon.
You worshipped Ru.
Ru was pleased with you.
You were not hungry.

You visited 1 branch of the dungeon, and saw 6 of its levels.

You collected 121 gold pieces.

Inventory:

Hand Weapons
 g - a +1 trident of flaming (weapon)
Missiles
 c - 22 stones (quivered)
 f - a throwing net
Armour
 a - a +0 robe (worn)
 b - a +1 cloak of poison resistance (worn)
 e - a +1 pair of gloves (worn)
Wands
 h - a wand of paralysis (6)
Scrolls
 d - a scroll of magic mapping {!r}
 i - a scroll of remove curse {!r, unknown}
 j - a scroll of amnesia {!r}
 k - a scroll of identify {!r, unknown}


   Skills:
 + Level 3.9 Fighting
 * Level 5.1 Dodging
 - Level 1.5 Stealth
 - Level 4.0 Spellcasting
 - Level 0.7 Conjurations
 - Level 0.7 Summonings
 - Level 0.7 Translocations


You had 3 spell levels left.
You knew the following spells:

 Your Spells              Type           Power        Failure   Level  Hunger
b - Call Imp              Summ           #.......     16%         2    N/A
e - Mephitic Cloud        Conj/Pois/Air  #.......     36%         3    N/A
s - Conjure Flame         Conj/Fire      #.......     34%         3    N/A
v - Blink                 Tloc           N/A          16%         2    N/A

Dungeon Overview and Level Annotations

Branches:
Dungeon (6/15)
 Temple: D:4-7

Altars:
Cheibriados
Okawaru
Qazlal
Ru
Trog


Innate Abilities, Weirdness & Mutations

You do not eat or drink.
Your flesh is vulnerable to fire.
You are immune to poison.
Your flesh is cold resistant. (rC+)
You are immune to negative energy. (rN+++)
You are immune to unholy pain and torment.
You can survive without breathing.
You cannot study or use magical devices.


Message History

A beastly little devil appears in a puff of frigid air.
Attack whom?
Press: ? - help, Dir - move target cursor, f/p - whitenoisemaker's ghost
Aim: whitenoisemaker's ghost (severely damaged)
You hit whitenoisemaker's ghost but do no damage.
Whitenoisemaker's ghost is severely damaged.
Whitenoisemaker's ghost hits you.
Your white imp gestures at whitenoisemaker's ghost.
The puff of frost hits whitenoisemaker's ghost.
Whitenoisemaker's ghost hits you.
* * * LOW HITPOINT WARNING * * *
Your white imp gestures at whitenoisemaker's ghost.
The puff of frost misses whitenoisemaker's ghost.
Whitenoisemaker's ghost wails, "You must not succeed where I failed!"
Casting: Call Imp (safe; 16% risk of failure)
Confirm with . or Enter, or press ? or * to list all spells.
A beastly little devil appears in a puff of flame.
Whitenoisemaker's ghost misses you.
Casting: Call Imp (safe; 16% risk of failure)
Confirm with . or Enter, or press ? or * to list all spells.
A metallic apparition takes form in the air.
Your white imp freezes whitenoisemaker's ghost.
Whitenoisemaker's ghost is frozen!
Whitenoisemaker's ghost hits your white imp but does no damage.
Attack whom?
Press: ? - help, Dir - move target cursor, f/p - whitenoisemaker's ghost
Aim: whitenoisemaker's ghost (severely damaged)
You miss whitenoisemaker's ghost.
Whitenoisemaker's ghost is severely damaged.
Your white imp gestures at whitenoisemaker's ghost.
The puff of frost hits whitenoisemaker's ghost.
Whitenoisemaker's ghost is frozen!
Whitenoisemaker's ghost misses your white imp.
Attack whom?
Press: ? - help, Dir - move target cursor, f/p - whitenoisemaker's ghost
Aim: whitenoisemaker's ghost (almost destroyed)
You catch the helpless whitenoisemaker's ghost completely off-guard!
You hit whitenoisemaker's ghost. You burn whitenoisemaker's ghost.
You destroy whitenoisemaker's ghost!
Your Dodging skill increases to level 5!
(D) Dungeon
Where to? (Enter - D:1, ? - help)
What level of the Dungeon? (default 1, ? - help)
Your white imp disappears in a puff of smoke!
Found 11 gold pieces.
An orc priest and an orc wizard come into view.
The orc priest shouts!
The orc wizard shouts!
Your crimson imp disappears in a puff of smoke!
The orc priest mumbles some strange prayers to Beogh against you.
Beogh smites you!
* * * LOW HITPOINT WARNING * * *
You hear a shout!
You hear a shout! x2
The orc wizard gestures wildly while chanting.
The orc wizard blinks!
The orc wizard hits you with a dagger.
* * * LOW HITPOINT WARNING * * *
The orc priest casts a cantrip, but nothing happens.
The orc wizard casts a spell at you.
You feel yourself slow down.
There is a stone staircase leading down here.
The orc priest invokes the aid of Beogh against you.
Beogh smites you!
You die...

#.# #.# #.# #.## #.# #..
###.### #.#
#.....#####.######
###.#.#.........>..##
#...........5.###...#
#####.#.#.#..###........#
#.....o.@....# #........#
#.##......##.# ##.......#
#########.##..#.####.#
######..#
.<........o......# #.#
###..# .#######..##..#..#
#.# #....# . #$. #..#..#
#.. .....# . #..
#.......... #.#..# . #.o
##.#..##### #.#..# . #..
#.#..# ####.#..#


You could see an orc priest and an orc wizard.

Vanquished Creatures
  The ghost of whitenoisemaker the Nimble, an amateur DrTm (D:3)
  A sky beast (D:5)
  A scorpion (D:4)
  Crazy Yiuf (D:4)
  Natasha (twice) (D:4)
  A worker ant (D:5)
  2 adders (D:5)
  An ooze (D:2)
  An adder zombie (D:6)
  2 adder skeletons (D:5)
  3 leopard geckos
  2 orcs (D:4)
  A goblin (D:1)
  A hobgoblin (D:1)
  2 jackals (D:4)
  4 quokkas
  A ball python (D:5)
  3 frilled lizards
30 creatures vanquished.

Vanquished Creatures (collateral kills)
  A hound (D:4)
  Natasha (D:4)
  A worker ant (D:4)
  An adder (D:4)
  An orc (D:4)
  2 jackals
7 creatures vanquished.

Grand Total: 37 creatures vanquished

Notes
Turn   | Place    | Note
-------+----------+-------------------------------------------
     0 | D:1      | Amnesiac the Mummy Wizard began the quest for the Orb.
     0 | D:1      | Reached XP level 1. HP: 13/13 MP: 5/5
   135 | D:2      | Reached skill level 2 in Dodging
   135 | D:2      | Reached XP level 2. HP: 19/20 MP: 0/7
   139 | D:2      | Learned a level 2 spell: Call Imp
   304 | D:4      | Found a sacrificial altar of Ru.
   310 | D:4      | Became a worshipper of Ru the Awakened
   404 | D:4      | Reached skill level 1 in Fighting
   689 | D:3      | Reached XP level 3. HP: 16/26 MP: 1/8
   820 | D:5      | Entered Level 5 of the Dungeon
   820 | D:5      | Found a snail-covered altar of Cheibriados.
   845 | D:4      | Noticed a scorpion
   854 | D:4      | Killed a scorpion
   854 | D:4      | Reached skill level 3 in Dodging
   854 | D:4      | Reached XP level 4. HP: 33/33 MP: 2/10
   915 | D:4      | Found an iron altar of Okawaru.
   970 | D:4      | Found a runed door.
  1046 | D:4      | Noticed Crazy Yiuf
  1083 | D:4      | Killed Crazy Yiuf
  1214 | D:4      | Learned a level 3 spell: Conjure Flame
  1218 | D:4      | Learned a level 3 spell: Mephitic Cloud
  1221 | D:4      | Learned a level 2 spell: Blink
  1286 | D:4      | Noticed Natasha
  1341 | D:4      | Killed Natasha
  1509 | D:4      | Noticed Natasha
  1518 | D:4      | Killed Natasha
  1518 | D:4      | Reached XP level 5. HP: 7/39 MP: 7/11
  2009 | D:4      | Noticed Natasha
  2029 | D:4      | Killed Natasha
  2272 | D:5      | Reached skill level 4 in Dodging
  2295 | D:6      | Found a bloodstained altar of Trog.
  2299 | D:6      | Found a stormy altar of Qazlal.
  2300 | D:6      | Noticed an air elemental
  2349 | D:6      | Gained mutation: You cannot study or use magical devices. [Ru sacrifice]
  2349 | D:6      | Reached * piety under Ru
  2349 | D:6      | Reached ** piety under Ru
  2352 | D:5      | Noticed a sky beast
  2370 | D:5      | Killed a sky beast
  2370 | D:5      | Reached XP level 6. HP: 29/47 MP: 8/12
  2452 | D:3      | Noticed whitenoisemaker's ghost (amateur DrTm)
  2483 | D:3      | Killed whitenoisemaker's ghost
  2483 | D:3      | Reached skill level 5 in Dodging
  2508 | D:3      | Killed from afar by an orc priest

Vault maps used:
D:1:      dpeg_arrival_round_c, serial_corexii_hall, corexii_hall_statues_u,
          corexii_hall_statues_deadend
D:2:      nicolae_overflow_crystal_walls, uniq_jessica
D:3:      lemuel_crystal_altar, nemelex_lonely_heart_becter
D:4:      lemuel_round_altar, okawaru_ov_weapons_minmay, uniq_natasha,
          uniq_crazy_yiuf_cottage
D:5:      lemuel_crystal_altar, first_ration, fountainhead
D:6:      nicolae_qazlal_style_of_elements, bloody_trog,
          gammafunk_temple_overflow_pools, kennysheep_generic_room_7

Skill      XL: |  1  2  3  4  5  6 |
---------------+-------------------+-----
Dodging        | 2 3 4 5 |  5.1
Fighting       | 1 2 3 |  3.9
Stealth        | |  1.5
Spellcasting   | |  4.0
Conjurations   | |  0.7
Summonings     | |  0.7
Translocations | |  0.7

Action                   |  1- 3 |  4- 6 || total
-------------------------+-------+-------++-------
Melee: Mace              |    10 |       ||    10
       Trident           |     4 |    95 ||    99
 Cast: Magic Dart        |    24 |     1 ||    25
       Call Imp          |    12 |    15 ||    27
       Mephitic Cloud    |       |     4 ||     4
       Conjure Flame     |       |     1 ||     1
Invok: Sacrifice Artific |       |     1 ||     1
  Use: Scroll            |       |     3 ||     3
 Stab: Sleeping          |       |     2 ||     2
       Distracted        |       |     1 ||     1
Armor: Robe              |     7 |    21 ||    28
Dodge: Dodged            |    34 |    44 ||    78

Table legend:
 A = Spawn XP
 B = Non-spawn XP
 C = Spawn XP percentage of total XP
 D = Spawn monster count
 E = Non-spawn monster count
 F = Spawn count percentage of total count
 G = Total turns spent on level
                    A         B        C        D         E        F      G
               +---------+---------+-------+---------+---------+-------+---------
         Total |       0 |     706 |   0.0 |       0 |      37 |   0.0 |  2508
               +---------+---------+-------+---------+---------+-------+---------
           D:1 |       0 |       5 |   0.0 |       0 |       3 |   0.0 |   119
           D:2 |       0 |       7 |   0.0 |       0 |       1 |   0.0 |   112
           D:3 |       0 |     242 |   0.0 |       0 |       3 |   0.0 |   173
           D:4 |       0 |     243 |   0.0 |       0 |      20 |   0.0 |  1882
           D:5 |       0 |     201 |   0.0 |       0 |       8 |   0.0 |   165
           D:6 |       0 |       8 |   0.0 |       0 |       2 |   0.0 |    57
               +---------+---------+-------+---------+---------+-------+---------
